 Dungeon Crawl Stone Soup version 0.27.1-34-g3ba077fa99 (webtiles) character file.

Game seed: 17529221203850629039

89 McKennaii the Magician (level 4, 0/33 HPs)
             Began as a Demigod Conjurer on Jan 17, 2022.
             Shot with an arrow by a centaur (3 damage)
             ... on level 3 of the Dungeon.
             The game lasted 00:01:44 (2014 turns).

McKennaii the Magician (Demigod Conjurer)           Turns: 2014, Time: 00:01:44

Health: 0/33       AC:  2    Str:  8    XL:     4   Next: 10%
Magic:  10/12      EV: 12    Int: 24    God:
Gold:   93         SH:  0    Dex: 12    Spells: 9/10 levels left

rFire    . . .     SeeInvis .   (no weapon)
rCold    . . .     Faith    .   (no shield)
rNeg     . . .     Spirit   .   a - +0 robe
rPois    .         Reflect  .   (no helmet)
rElec    .         Harm     .   (no cloak)
rCorr    .         Rampage  .   (no gloves)
Will     .....                  (no boots)
Stlth    ++........             (no amulet)
HPRegen  0.11/turn              (no ring)
MPRegen  0.13/turn              (no ring)

@: very slightly contaminated, hasted, very quick
A: high mp 1, forlorn
a: no special abilities


You were on level 3 of the Dungeon.
You visited 1 branch of the dungeon, and saw 3 of its levels.

You collected 93 gold pieces.

Inventory:

Armour
 a - a +0 robe (worn)
Scrolls
 c - a scroll of fear {unknown}
 d - a scroll of fog {unknown}
 f - 3 scrolls of identify {unknown}
 g - a scroll of immolation {unknown}
 i - a scroll of torment {unknown}
 j - a scroll of amnesia {unknown}
Potions
 e - 2 potions of heal wounds {unknown}
 h - a potion of mutation {unknown}


   Skills:
 - Level 1.7 Dodging
 - Level 1.7 Stealth
 + Level 3.9 Spellcasting
 - Level 3.6 Conjurations


You had 9 spell levels left.
You knew the following spells:

 Your Spells              Type           Power      Damage    Failure   Level
a - Magic Dart            Conj           88%        1d7       2%          1

Your spell library contained the following spells:

 Spells                   Type           Power      Damage    Failure   Level
 Searing Ray              Conj           44%        3d4       3%          2
 Summon Small Mammal      Summ           16%        N/A       10%         1
 Dazzling Flash           Conj/Hex       26%        N/A       14%         3
 Call Canine Familiar     Summ           4%         N/A       30%         3
 Summon Guardian Golem    Hex/Summ       4%         N/A       30%         3
 Fulminant Prism          Conj/Hex       6%         3d7       43%         4
 Iskenderun's Mystic Bla  Conj/Tloc      13%        2d5       43%         4


Dungeon Overview and Level Annotations

Branches:
Dungeon (3/15)


Innate Abilities, Weirdness & Mutations

Your attributes grow dramatically as you level up.
You have an increased reservoir of magic. (+10% MP)
You shall have no god before yourself.


Message History

A worm is nearby!
The magic dart hits the worm.
The worm is lightly wounded.
The magic dart hits the worm.
The worm is heavily wounded.
The magic dart hits the worm.
The worm is heavily wounded.
The magic dart hits the worm.
The worm is almost dead.
The magic dart hits the worm but does no damage.
The worm is almost dead.
The magic dart hits the worm.
The worm is almost dead.
The magic dart hits the worm.
You kill the worm!
You can't see any susceptible monsters within range! (Use Z to cast anyway.)
You can't see any susceptible monsters within range! (Use Z to cast anyway.)
Found a scroll labelled MEUNEJOASOO.
A centaur comes into view.
You see here a scroll labelled MEUNEJOASOO.
A centaur is nearby!
A centaur is nearby!
You miscast Magic Dart.
You are very lightly contaminated with residual magic.
Nothing appears to happen.
The magic dart hits the centaur.
The centaur is lightly wounded.
The centaur shouts!
The centaur wields a +0 shortbow.
The centaur shoots an arrow.
The arrow hits you!
The magic dart hits the centaur.
The centaur is lightly wounded.
The centaur shoots an arrow.
The arrow hits you!
The centaur shoots an arrow.
The arrow hits you!
* * * LOW HITPOINT WARNING * * *
You are too injured to fight recklessly!
It was a potion of haste.
You feel yourself speed up.
The centaur shoots an arrow.
The arrow closely misses you.
The centaur shoots an arrow.
The arrow hits you.
You die...

#...# #♣. ####...####
#c# .. ......<# #.#
.###...##.### #?# >.
......... #.# .#
#<#.##.## #.#
.###.#.#...## #.#
........#.#†#####.#
................@.#
.....##.###.#.#######..
.###.##.# #....(...†...
.###....###.#..........
...........############
#########.##
..........# ###########


You could see a centaur.

Vanquished Creatures
  4 adders (D:2)
  4 worms
  5 ball pythons
  6 bats
  3 endoplasms
  3 giant cockroaches
  3 goblins
  10 kobolds
  3 frilled lizards
  3 rats
44 creatures vanquished.

Notes
Turn   | Place    | Note
-------+----------+-------------------------------------------
     0 | D:1      | McKennaii the Demigod Conjurer began the quest for the Orb.
     0 | D:1      | Reached XP level 1. HP: 14/14 MP: 5/5
   462 | D:1      | Reached XP level 2. HP: 20/20 MP: 6/8
  1091 | D:2      | Reached XP level 3. HP: 26/26 MP: 2/10
  1789 | D:3      | Reached XP level 4. HP: 33/33 MP: 6/12
  2005 | D:3      | Noticed a centaur
  2014 | D:3      | Shot with an arrow by a centaur

Illustrated notes

Levels and vault maps discovered:
D:1:      dpeg_chamrin_arrival_tetris, layout_basic,
          ebering_ecumenical_altar_mist, minmay_quantized
D:2:      layout_rooms
D:3:      layout_loops_ring, serial_forest, infiniplex_forest_clump_medium,
          infiniplex_forest_lined_ring, infiniplex_forest_clump_large,
          infiniplex_forest_split, st_stairs_5, minivault_23, uniq_sigmund,
          uniq_crazy_yiuf_cottage, uniq_terence

Skill      XL: |  1  2 |
---------------+-------+-----
Spellcasting   | 2 3 |  3.9
Dodging        | |  1.7
Stealth        | |  1.7
Conjurations   | |  3.6

Action                   |  1- 3 |  4- 6 || total
-------------------------+-------+-------++-------
 Cast: Magic Dart        |    86 |    18 ||   104
  Use: Potion            |       |     1 ||     1
Armor: Robe              |     2 |       ||     2
Dodge: Dodged            |     5 |     1 ||     6
